 Dungeon Crawl Stone Soup version 0.24-a0-361-g57161393b2 (webtiles) character file.

Game seed: 4659535588244647120

7253 nikopol the Thaumaturge (level 10, -10/51 HPs)
             Began as a Deep Elf Fire Elementalist on May 26, 2019.
             Was a Believer of Vehumet.
             Mangled by a porcupine (12 damage)
             ... on level 8 of the Dungeon.
             The game lasted 00:25:26 (10414 turns).

nikopol the Thaumaturge (DEFE)                     Turns: 10414, Time: 00:25:27

Health: -10/51     AC:  5    Str:  5    XL:     10   Next: 88%
Magic:  28/28      EV: 14    Int: 24    God:    Vehumet [**....]
Gold:   371        SH:  5    Dex: 15    Spells: 18/33 levels left

rFire    + . .     SeeInvis .   f - +0 dagger (elec)
rCold    . . .     Gourm    +   y - +0 buckler
rNeg     . . .     Faith    .   K - +2 robe {rC+}
rPois    .         Spirit   .   (no helmet)
rElec    .         Reflect  .   (no cloak)
rCorr    .         Harm     .   (no gloves)
MR       +....                  p - +0 pair of boots
Stlth    +++.......             j - amulet of the gourmand
HPRegen  0.17/turn              h - ring of fire
MPRegen  0.21/turn              G - ring of wizardry

@: no status effects
A: no striking features
a: Renounce Religion


You were on level 8 of the Dungeon.
You worshipped Vehumet.
Vehumet was pleased with you.
You were very full.

You visited 2 branches of the dungeon, and saw 11 of its levels.

You collected 511 gold pieces.
You spent 140 gold pieces at shops.

Inventory:

Hand Weapons
 e - a +0 dagger
 f - a +0 dagger of electrocution (weapon)
Armour
 a - a +0 robe
 p - a +0 pair of boots (worn)
 y - a +0 buckler (worn)
 K - a +2 robe of cold resistance (worn)
Jewellery
 h - a ring of fire (left hand)
 j - an amulet of the gourmand (around neck)
 m - an uncursed ring of poison resistance
 t - an uncursed amulet of the acrobat
 G - a ring of wizardry (right hand)
 M - an uncursed ring of positive energy
 P - a cursed ring of attention {unknown}
Wands
 n - a wand of iceblast (1)
 u - a wand of flame (43)
 F - a wand of polymorph (8)
 L - a wand of enslavement (10)
Scrolls
 b - 5 scrolls of remove curse
 i - a scroll of enchant armour {unknown}
 k - 9 scrolls of teleportation
 o - a scroll of noise {unknown}
 w - a scroll of fear {unknown}
 x - a scroll of random uselessness {unknown}
 B - 3 scrolls of amnesia {unknown}
 C - 2 scrolls of magic mapping {unknown}
 D - a scroll of enchant weapon {unknown}
 H - a scroll of silence {unknown}
 I - 2 scrolls of identify
Potions
 d - a potion of resistance
 g - a potion of agility
 l - 3 potions of brilliance
 q - 4 potions of curing
 r - 2 potions of haste
 s - 3 potions of ambrosia
 v - a potion of berserk rage {unknown}
 z - 2 potions of heal wounds {unknown}
 A - a potion of invisibility {unknown}
 E - 2 potions of cancellation {unknown}
 J - a potion of might {unknown}
 N - a potion of degeneration {unknown}
 O - a potion of flight {unknown}
Comestibles
 c - 20 rations


   Skills:
 + Level 0.8 Fighting
 - Level 0.1 Short Blades
 + Level 4.1 Dodging
 + Level 4.3 Stealth
 + Level 4.7 Shields
 + Level 12.1 Spellcasting
 + Level 10.1 Conjurations
 + Level 9.2 Fire Magic
 + Level 0.1 Evocations


You had 18 spell levels left.
You knew the following spells:

 Your Spells              Type           Power        Failure   Level  Hunger
a - Flame Tongue          Conj/Fire      #####        1%          1    None
b - Throw Flame           Conj/Fire      ######       1%          2    None
c - Conjure Flame         Conj/Fire      ######..     1%          3    None
d - Sticky Flame          Conj/Fire      ######..     1%          4    None
e - Fireball              Conj/Fire      ######....   1%          5    ###....

Your spell library contained the following spells:

 Spells                   Type           Power        Failure   Level  Hunger
 Searing Ray              Conj           ######       1%          2    None
 Inner Flame              Hex/Fire       ######..     1%          3    None


Dungeon Overview and Level Annotations

Branches:
Dungeon (10/15)            Temple (0/1) D:7            Lair (1/6) D:8
    Orc: D:9-12

Altars:
Elyvilon
Fedhas
Gozag
Kikubaaqudgha
Okawaru
Qazlal
Ru
Trog
Uskayaw
Vehumet
Wu Jian
Xom
Zin
The Shining One

Shops:
D:5 ?

Portals:
Trove: D:10 (lose all piety)


Message History

You climb downwards.
Welcome back to the Lair of Beasts!
You hear a distant snort.
Hark!
There is a gateway to a gauntlet on this level.
Find the entrance quickly before the gate is sealed!
You hear the deafening beating of a distant drum.
The porcupine bites you! x2; The hippogriff bites you.
The hippogriff pecks you. The hippogriff claws you!
There is a staircase back to the Dungeon, spattered with blood here.
The porcupine bites you!
* * * LOW HITPOINT WARNING * * *
The hippogriff bites you.
* * * LOW HITPOINT WARNING * * *
The hippogriff pecks you.
* * * LOW HITPOINT WARNING * * *
The hippogriff barely misses you.
You climb upwards.
Welcome back to the Dungeon!
There is a staircase to the Lair here.
Okay, then.
Okay, then.
The porcupine bites you!
You die...

#......###............
####(..###.........###
##.....##............
#########..P.P..#.....=..[###
#.......#.P...P.#.....[...#<#
#...(.(...........####.#..#.#
#..........H......# #.#..#.#
#######....r>.....# #.#.....
##....@(...## #..#.#..
#.........# ##.#.###
########## ##.......##
#...#.. #........# #....P..#
##..#.# #........# ##.....##
#.>#.# #.....<..# ##...##
####.# #........# ##.## #.#
#......### #.# #.# #.######
#.# #.#


You could see a hippogriff and a porcupine.

Vanquished Creatures
  A two-headed ogre (D:9)
  Pikel (D:6)
  3 hippogriffs (D:8)
  15 yaks
  3 hungry ghosts
  Duvessa (D:7)
  An orc warrior (D:6)
  A hornet zombie (D:9)
  2 sky beasts
  A black bear (D:9)
  An ice beast (D:8)
  An ogre (D:10)
  2 centaurs
  2 crocodiles (D:8)
  A big kobold (D:6)
  5 bullfrogs
  Dowan (D:7)
  A water moccasin skeleton (D:8)
  3 killer bees (D:9)
  5 wights (D:8)
  3 crimson imps
  2 orc priests
  4 jellies
  A bullfrog skeleton (D:8)
  6 hounds
  10 orc wizards
  Crazy Yiuf (D:7)
  2 iguanas
  5 worker ants
  A hound zombie (D:10)
  5 gnolls
  A howler monkey skeleton (D:5)
  A howler monkey zombie (D:6)
  8 adders
  A shadow imp (D:9)
  2 oozes (D:2)
  3 adder zombies
  6 worms
  3 dart slugs
  6 leopard geckos
  31 orcs
  11 bats
  10 giant cockroaches
  7 goblins
  9 hobgoblins
  7 jackals (D:1)
  3 quokkas
  2 frilled lizards (D:1)
  9 kobolds
  A leopard gecko zombie (D:7)
  11 rats
223 creatures vanquished.

Vanquished Creatures (others)
  A worker ant zombie (D:7)
1 creature vanquished.

Grand Total: 224 creatures vanquished

Notes
Turn   | Place    | Note
-------+----------+-------------------------------------------
     0 | D:1      | nikopol the Deep Elf Fire Elementalist began the quest for
                  | the Orb.
     0 | D:1      | Reached XP level 1. HP: 10/10 MP: 6/6
    79 | D:1      | Reached XP level 2. HP: 15/15 MP: 0/8
   670 | D:1      | Reached XP level 3. HP: 19/19 MP: 5/10
  1226 | D:2      | Reached skill level 4 in Spellcasting
  1251 | D:2      | Reached XP level 4. HP: 24/24 MP: 8/12
  1620 | D:1      | Learned a level 2 spell: Throw Flame
  1624 | D:1      | Learned a level 3 spell: Conjure Flame
  1629 | D:1      | Learned a level 4 spell: Sticky Flame
  1825 | D:2      | Found a faded altar of an unknown god.
  1889 | D:2      | Found an iron altar of Okawaru.
  2045 | D:2      | Reached XP level 5. HP: 28/28 MP: 10/13
  2264 | D:3      | Reached skill level 5 in Spellcasting
  2894 | D:4      | Found a blossoming altar of Fedhas.
  2896 | D:4      | Found a stormy altar of Qazlal.
  2985 | D:4      | Reached skill level 5 in Fire Magic
  3025 | D:4      | Found an ancient bone altar of Kikubaaqudgha.
  3440 | D:5      | Entered Level 5 of the Dungeon
  3442 | D:5      | Noticed a centaur
  3448 | D:5      | Killed a centaur
  3448 | D:5      | Reached XP level 6. HP: 19/32 MP: 9/16
  3461 | D:5      | Reached skill level 6 in Spellcasting
  3617 | D:5      | Learned a level 5 spell: Fireball
  3697 | D:5      | Noticed a sky beast
  3704 | D:5      | Killed a sky beast
  3764 | D:5      | Reached XP level 7. HP: 36/36 MP: 12/18
  3979 | D:5      | Found Yrhinuil's Magic Scroll Shoppe.
  4045 | D:5      | Bought a scroll of teleportation for 42 gold pieces
  4045 | D:5      | Bought a scroll of identify for 28 gold pieces
  4045 | D:5      | Bought a scroll of identify for 28 gold pieces
  4045 | D:5      | Bought a scroll of teleportation for 42 gold pieces
  4461 | D:6      | Found an ornate altar of the Wu Jian Council.
  4461 | D:6      | Found a shimmering altar of Xom.
  4466 | D:6      | Found a radiant altar of Vehumet.
  4468 | D:6      | Found a faded altar of an unknown god.
  4469 | D:6      | Found a sacrificial altar of Ru.
  4475 | D:6      | Became a worshipper of Vehumet
  4574 | D:6      | Reached skill level 1 in Shields
  5081 | D:6      | Found an opulent altar of Gozag.
  5187 | D:6      | Noticed a moth of wrath
  5191 | D:6      | Found a bloodstained altar of Trog.
  5533 | D:6      | Reached skill level 7 in Spellcasting
  5533 | D:6      | Reached skill level 5 in Conjurations
  5533 | D:6      | Reached XP level 8. HP: 42/42 MP: 1/20
  6232 | D:7      | Found a staircase to the Ecumenical Temple.
  6302 | D:7      | Found a runed translucent door.
  6303 | D:7      | Noticed Crazy Yiuf
  6313 | D:7      | Killed Crazy Yiuf
  6449 | D:7      | Noticed Pikel
  6452 | D:7      | Reached * piety under Vehumet
  6452 | D:7      | Offered knowledge of Sting by Vehumet.
  6618 | D:6      | Killed Pikel
  6618 | D:6      | Reached skill level 8 in Spellcasting
  6734 | D:7      | Noticed Duvessa
  6734 | D:7      | Noticed Dowan
  6735 | D:7      | Killed Dowan
  6739 | D:7      | Killed Duvessa
  6978 | D:8      | Reached XP level 9. HP: 46/46 MP: 20/23
  7143 | D:8      | Reached skill level 9 in Spellcasting
  7217 | D:8      | Found a glowing golden altar of the Shining One.
  7219 | D:8      | Found a glowing silver altar of Zin.
  7220 | D:8      | Found a white marble altar of Elyvilon.
  7899 | D:8      | Found a staircase to the Lair.
  8053 | D:8      | Reached skill level 10 in Spellcasting
  8177 | D:8      | Noticed a +0 hand axe
  8180 | D:8      | Noticed a +0 hand axe
  8185 | D:8      | Found a hide-covered altar of Uskayaw.
  8398 | D:9      | Offered knowledge of Searing Ray by Vehumet.
  8548 | D:9      | Reached ** piety under Vehumet
  8553 | D:9      | Reached XP level 10. HP: 51/51 MP: 7/26
  9274 | D:9      | Reached skill level 11 in Spellcasting
  9673 | D:9      | Noticed a two-headed ogre
  9689 | D:9      | Killed a two-headed ogre
  9984 | D:10     | Entered Level 10 of the Dungeon
 10011 | D:10     | Found a portal to a secret trove of treasure.
 10061 | Lair:1   | Entered Level 1 of the Lair of Beasts
 10070 | Lair:1   | Reached skill level 10 in Conjurations
 10074 | D:8      | Reached skill level 12 in Spellcasting
 10412 | Lair:1   | HP: 1/51 [hippogriff (2)]
 10414 | D:8      | Mangled by a porcupine

Levels and vault maps discovered:
D:1:      dpeg_arrival_renting, layout_basic, minmay_tromino_mix6
D:2:      layout_loops_ring, chequers_ecumenical_altar_simple,
          okawaru_altar_gauntlet_db
D:3:      layout_loops_ring
D:4:      layout_basic, grunt_temple_overflow_forces_of_nature,
          kiku_gazebo_garden_becter, first_ration, minmay_misc_feat_nine_boxes
D:5:      layout_loops_cross, serial_shops, shop
D:6:      layout_loops_cross, chequers_temple_overflow_minitemple, tgw_trog,
          basic_altar
D:7:      layout_rooms, minmay_temple_entry_glassed_door,
          uniq_crazy_yiuf_cottage, uniq_duvessa, uniq_pikel
D:8:      layout_basic, good_gods_temple_1, dancing_weapons_uskayaw,
          david_lair_generic
D:9:      layout_basic
D:10:     layout_irregular_city, orc_0_dummy, enter_trove_2
Lair:1:   layout_regular_city, gauntlet_entry_generic, beast_lair_carwin_2,
          uniq_gastronok, uniq_joseph

Skill      XL: |  1  2  3  4  5  6  7  8  9 10 |
---------------+-------------------------------+-----
Fire Magic     | 4 5 6 7 8 9 |  9.2
Conjurations   | 2 3 5 6 7 10 | 10.1
Spellcasting   | 4 5 6 7 8 10 12 | 12.1
Dodging        | 3 4 |  4.1
Stealth        | 3 4 |  4.3
Shields        | 2 3 4 |  4.7
Fighting       | |  0.8
Short Blades   | |  0.1
Evocations     | |  0.1

Action                   |  1- 3 |  4- 6 |  7- 9 | 10-12 || total
-------------------------+-------+-------+-------+-------++-------
Melee: Dagger            |       |     2 |     1 |       ||     3
 Cast: Flame Tongue      |    74 |   130 |   186 |    57 ||   447
       Throw Flame       |       |     3 |    16 |       ||    19
       Sticky Flame      |       |     3 |    22 |    12 ||    37
       Conjure Flame     |       |       |     7 |     2 ||     9
       Fireball          |       |       |    10 |    17 ||    27
Evoke: Wand              |       |       |     4 |       ||     4
  Use: Scroll            |       |       |     9 |       ||     9
  Eat: Chunk             |     1 |    18 |    18 |     6 ||    43
Armor: Robe              |     6 |     7 |     3 |     2 ||    18
Dodge: Dodged            |    40 |    39 |    28 |    12 ||   119
Block: Buckler           |       |       |    14 |     4 ||    18

Table legend:
 A = Non-vault XP
 B = Vault XP
 C = Vault XP percentage of total XP
 D = Non-vault monster count
 E = Vault monster count
 F = Vault count percentage of total count
                 A         B        C        D         E       F
            +---------+---------+-------+---------+---------+-------
      Total |    8761 |    1601 |  15.5 |     200 |      23 |  10.3
            +---------+---------+-------+---------+---------+-------
        D:1 |      59 |      22 |  27.2 |      30 |       5 |  14.3
        D:2 |     102 |      24 |  19.0 |      19 |       5 |  20.8
        D:3 |     114 |       0 |   0.0 |      27 |       0 |   0.0
        D:4 |      54 |       0 |   0.0 |       5 |       0 |   0.0
        D:5 |     471 |       0 |   0.0 |      16 |       0 |   0.0
        D:6 |     757 |     620 |  45.0 |      20 |       6 |  23.1
        D:7 |     335 |     253 |  43.0 |      11 |       3 |  21.4
        D:8 |    2216 |     682 |  23.5 |      32 |       4 |  11.1
        D:9 |    3515 |       0 |   0.0 |      33 |       0 |   0.0
       D:10 |     142 |       0 |   0.0 |       2 |       0 |   0.0
     Lair:1 |     996 |       0 |   0.0 |       5 |       0 |   0.0
            +---------+---------+-------+---------+---------+-------
